 Dungeon Crawl Stone Soup version 0.29.1-12-g30fa7ad0bf (webtiles) character file.

Game seed: 14816635532509517276

188 nachturnus the Grave Robber (level 6, -11/41 HPs)
             Began as a Human Necromancer on Dec 31, 2022.
             Mangled by Crazy Yiuf
             ... wielding a +3 quarterstaff of chaos
              (20 damage)
             ... on level 3 of the Dungeon.
             The game lasted 00:23:08 (3225 turns).

nachturnus the Grave Robber (Human Necromancer)     Turns: 3225, Time: 00:23:08

Health: -11/41     AC:  7    Str: 10    XL:     6   Next: 0%
Magic:  3/9        EV:  7    Int: 16    God:
Gold:   93         SH:  0    Dex: 13    Spells: 8/9 levels left

rFire   . . .      SeeInvis +   p - +0 war axe
rCold   . . .      Faith    .   (no shield)
rNeg    . . .      Spirit   .   e - +0 ring mail
rPois   .          Reflect  .   r - +2 hat {SInv}
rElec   .          Harm     .   (no cloak)
rCorr   .          Rampage  .   (no gloves)
Will    +....                   (no boots)
Stlth   +.........              (no amulet)
HPRegen 0.13/turn               c - ring of willpower
MPRegen 0.11/turn               (no ring)

@: grasped by roots, hasted and slowed, constricted
A: no striking features
a: no special abilities


You were on level 3 of the Dungeon.
You visited 1 branch of the dungeon, and saw 3 of its levels.

You collected 93 gold pieces.

Inventory:

Hand Weapons
 f - a +0 dagger
 o - a +0 mace
 p - a +0 war axe (weapon)
Missiles
 d - a throwing net
Armour
 e - a +0 ring mail (worn)
 r - a +2 hat of see invisible (worn)
 v - a +0 chain mail
Jewellery
 c - a ring of willpower (left hand)
 u - an amulet of faith
Scrolls
 h - a scroll of blinking {unknown}
 i - a scroll of enchant armour {unknown}
 k - 2 scrolls of fear
 n - a scroll of magic mapping {unknown}
Potions
 a - a potion of lignification {unknown}
 b - a potion of magic
 j - 2 potions of curing
 s - a potion of mutation
 t - a potion of attraction


   Skills:
 + Level 4.3 Axes
 - Level 2.1 Dodging
 - Level 2.1 Stealth
 - Level 2.1 Spellcasting
 - Level 4.6 Necromancy


You had 8 spell levels left.
You knew the following spells:

 Your Spells              Type           Power      Damage    Failure   Level
a - Necrotise             Necr           64%        1d7       8%          1

Your spell library contained the following spells:

 Spells                   Type           Power      Damage    Failure   Level
 Vampiric Draining        Necr           16%        2d7       24%         3
 Animate Dead             Necr           16%        N/A       61%         4
 Ensorcelled Hibernation  Hex/Ice        2%         N/A       63%         2
 Passwall                 Tmut/Erth      0%         N/A       63%         2
 Dazzling Flash           Conj/Hex       2%         N/A       85%         3
 Swiftness                Air            1%         N/A       85%         3
 Agony                    Necr           16%        N/A       91%         5
 Silence                  Hex/Air        0%         N/A       100%        5


Dungeon Overview and Level Annotations

Branches:
Dungeon (3/15)

Altars:
Elyvilon
Fedhas
Makhleb
Ru
Zin

Shops:
D:3 (

Annotations:
D:3 Crazy Yiuf, Sigmund


Message History

Confirm with . or Enter, or press ? or * to list all spells.
Aiming: Necrotise (safe; 8% risk of failure)
Press: ? - help, Shift-Dir - straight line, f/p - Crazy Yiuf
Aim: Crazy Yiuf, wielding a +3 quarterstaff of chaos, wearing a +0 cloak and carrying a wand of roots (8) (lightly wounded, chance to affect: 80%) Crazy Yiuf writhes in agony.
Crazy Yiuf zaps a wand.
The roots erupt in riotous growth!
The grasping roots grab you! The grasping roots constrict you.
The roots grasp on you weakens, but your attempt to escape fails.
Crazy Yiuf screams, "Liver!
Snurf green tired."
The grasping roots constrict you.
You closely miss Crazy Yiuf.
Crazy Yiuf is moderately wounded.
Crazy Yiuf yells, "Powder alas head!"
Crazy Yiuf hits you with a +3 quarterstaff of chaos!
You feel your power leaking away. The grasping roots constrict you.
The grasping roots release their grip on you.
You barely miss Crazy Yiuf.
Crazy Yiuf is moderately wounded.
Crazy Yiuf closely misses you.
You closely miss Crazy Yiuf.
Crazy Yiuf is moderately wounded.
Crazy Yiuf cries, "You leg down broken song, no?"
Crazy Yiuf hits you with a +3 quarterstaff of chaos.
You feel yourself slow down. Crazy Yiuf barely misses you.
Unknown command.
You hit Crazy Yiuf.
Crazy Yiuf is heavily wounded.
Crazy Yiuf zaps a wand.
The roots erupt in riotous growth!
The grasping roots grab you!
Crazy Yiuf is unaffected.
The grasping roots constrict you. Crazy Yiuf hits you but does no damage.
You feel yourself speed up. The grasping roots constrict you.
You barely miss Crazy Yiuf.
Crazy Yiuf is heavily wounded.
Crazy Yiuf hits you with a +3 quarterstaff of chaos!
* * * LOW HITPOINT WARNING * * *
You are electrocuted!!
You die...

#.......##.###....#####......####
##.....##### #....# #.#.#.###
##...## #....# ##...## #...#
#...## ##.## ###.#.### ##.## #.#
#>..#...### #.## #.# #.#####...#
##.# #.# #...#...#.## #.## #.#
###.#.#....# ##@# #.# #...#.#.##
#g# ..# #####.#.# ... ### #.#.##
#...# #.#..# #..)# #.#### #####
#.#### #....# ######


You could see Crazy Yiuf.

Vanquished Creatures
  Jessica (D:3)
  Ijyb (D:3)
  Natasha (D:3)
  2 orc wizards (D:3)
  An adder (D:3)
  5 orcs
  2 ball pythons (D:1)
  9 endoplasms
  2 giant cockroaches (D:2)
  2 goblins
  5 hobgoblins
  2 quokkas (D:1)
  2 bats
  7 frilled lizards
  2 kobolds
  4 rats
48 creatures vanquished.

Vanquished Creatures (collateral kills)
  An endoplasm (D:1)
  A rat (D:1)
2 creatures vanquished.

Grand Total: 50 creatures vanquished

Notes
Turn   | Place    | Note
-------+----------+-------------------------------------------
     0 | D:1      | nachturnus the Human Necromancer began the quest for the
                  | Orb.
     0 | D:1      | Reached XP level 1. HP: 13/13 MP: 3/3
    98 | D:1      | Reached XP level 2. HP: 19/19 MP: 1/5
   783 | D:2      | Found a burning altar of Makhleb.
   797 | D:2      | Reached XP level 3. HP: 21/24 MP: 4/6
   929 | D:2      | Found a faded altar of an unknown god.
  1386 | D:2      | Reached skill level 1 in Axes
  1444 | D:3      | Noticed Sigmund
  1560 | D:3      | Found a sacrificial altar of Ru.
  1560 | D:3      | Found a blossoming altar of Fedhas.
  1561 | D:3      | Found a glowing silver altar of Zin.
  1643 | D:3      | Found Canaonyg's Weapon Shop.
  2138 | D:3      | Reached XP level 4. HP: 17/30 MP: 3/7
  2274 | D:3      | Found a white marble altar of Elyvilon.
  2275 | D:3      | Noticed Ijyb
  2471 | D:3      | Killed Ijyb
  2472 | D:3      | Reached XP level 5. HP: 13/35 MP: 8/8
  2868 | D:3      | Noticed Natasha
  2876 | D:3      | Killed Natasha
  3029 | D:3      | Noticed Jessica
  3032 | D:3      | Killed Jessica
  3033 | D:3      | Reached XP level 6. HP: 41/41 MP: 3/9
  3213 | D:3      | Found a runed translucent door.
  3214 | D:3      | Noticed Crazy Yiuf
  3225 | D:3      | Mangled by Crazy Yiuf

Illustrated notes

Levels and vault maps discovered:
D:1:      psy_arrival_fountain, layout_basic
D:2:      layout_rooms, shapermc_ecumenical_altar_totnotflames, basic_altar,
          hangedman_decor_lopped
D:3:      layout_loops_corners, elyvilon_altar_3,
          chequers_temple_overflow_statue_of_worship, serial_shops, shop,
          uniq_crazy_yiuf_cottage, uniq_natasha, uniq_jessica, uniq_sigmund,
          uniq_ijyb

Skill      XL: |  1  2  3  4  5 |
---------------+----------------+-----
Axes           | 2 3 4 |  4.3
Dodging        | |  2.1
Stealth        | |  2.1
Spellcasting   | |  2.1
Necromancy     | |  4.6

Action                   |  1- 3 |  4- 6 || total
-------------------------+-------+-------++-------
Melee: Dagger            |     7 |       ||     7
       Unarmed           |     4 |       ||     4
       War axe           |    22 |    51 ||    73
       Punch             |       |     1 ||     1
 Cast: Necrotise         |    62 |    22 ||    84
  Use: Scroll            |     6 |     1 ||     7
       Potion            |       |     1 ||     1
Armor: Robe              |     6 |       ||     6
       Ring mail         |     9 |    22 ||    31
Dodge: Dodged            |    27 |    18 ||    45
